 Dungeon Crawl Stone Soup version 0.31-a0-963-ga325b2283a (webtiles) character file.

Game seed: 6546655885583191401

280 gelatine the Stinger (level 6, -15/43 HPs)
             Began as a Demonspawn Venom Mage on Oct 26, 2023.
             Killed by divine providence
             ... invoked by an orc priest
              (16 damage)
             ... on level 4 of the Dungeon.
             The game lasted 00:09:47 (4007 turns).

gelatine the Stinger (Demonspawn Venom Mage)        Turns: 4007, Time: 00:09:48

Health: -15/43     AC:  5    Str:  8    XL:     6   Next: 5%
Magic:  1/10       EV: 12    Int: 19    God:
Gold:   201        SH:  0    Dex: 13    Spells: 5/11 levels left

rFire   . . .        g - +0 dagger
rCold   . . .        (no shield)
rNeg    . . .        a - +0 robe
rPois   .            w - +0 helmet
rElec   .            (no cloak)
rCorr   .            (no gloves)
SInv    .            (no boots)
Will    .....        (no amulet)
Stlth   ++           (no ring)
HPRegen 0.27/turn    (no ring)
MPRegen 0.12/turn

%: no passive effects
@: no status effects
A: thin metallic scales 1, spiny 1, demonic touch 1
a: no special abilities


You were on level 4 of the Dungeon.
You visited 1 branch of the dungeon, and saw 4 of its levels.

You collected 201 gold pieces.

Inventory:

Hand Weapons
 g - a +0 dagger (weapon)
Missiles
 y - 5 atropa-tipped darts
Armour
 a - a +0 robe (worn)
 c - a +0 leather armour
 e - a +2 plate armour of fire resistance
 v - the +0 robe of the Spider Nest {+Inv Int-4 SInv Stlth+}
   (You found it on level 3 of the Dungeon)

   Int-4:     It affects your intelligence (-4).
   SInv:      It lets you see invisible.
   +Inv:      It lets you turn invisible.
   Stlth+:    It makes you more stealthy.
 w - a +0 helmet (worn)
Scrolls
 j - 3 scrolls of enchant weapon {unknown}
 k - 5 scrolls of identify {unknown}
 m - a scroll of revelation {unknown}
 n - 2 scrolls of immolation {unknown}
 o - a scroll of noise {unknown}
 p - a scroll of amnesia {unknown}
 q - a scroll of teleportation {unknown}
 r - a scroll of fear {unknown}
 s - 2 scrolls of fog {unknown}
 A - a scroll of poison {unknown}
Potions
 b - 2 potions of magic
 d - a potion of heal wounds
 f - a potion of degeneration {unknown}
 h - a potion of curing {unknown}
 i - 4 potions of attraction {unknown}
 l - a potion of resistance {unknown}
 t - a potion of cancellation {unknown}
 u - a potion of lignification {unknown}
 x - a potion of enlightenment {unknown}
 z - a potion of invisibility {unknown}
 B - a potion of mutation {unknown}


   Skills:
 * Level 1.1 Fighting
 * Level 0.9 Short Blades
 * Level 2.3 Dodging
 + Level 2.1 Stealth
 * Level 3.2 Spellcasting
 * Level 1.4 Conjurations
 * Level 2.3 Transmutations
 * Level 0.8 Air Magic
 * Level 4.0 Poison Magic


You had 5 spell levels left.
You knew the following spells:

 Your Spells              Type           Power      Damage    Failure   Level
a - Sting                 Tmut/Pois      60%        1d6       4%          1
b - Poisonous Vapours     Pois/Air       24%        N/A       9%          2
c - Mephitic Cloud        Conj/Pois/Air  11%        N/A       19%         3

Your spell library contained the following spells:

 Spells                   Type           Power      Damage    Failure   Level
 Olgreb's Toxic Radiance  Pois           18%        N/A       28%         4


Dungeon Overview and Level Annotations

Branches:
Dungeon (4/15)
 Temple: D:4-7

Altars:
Ru
Vehumet
Wu Jian

Annotations:
D:3 exclusion: statue


Innate Abilities, Weirdness & Mutations

You are partially covered in thin metallic scales. (AC +2)
You are partially covered in sharp spines.
Your touch may inflict minor irresistible damage on your foes.


Message History

Aiming: Poisonous Vapours (safe; 9% risk of failure)
Press: ? - help, Dir - move target, f - orc, p - orc priest
Aim: an orc, wielding a +0 dagger Poisonous vapours surround the orc!
The orc is poisoned.
Casting: Poisonous Vapours (safe; 9% risk of failure)
Confirm with . or Enter, or press ? or * to list all spells.
You don't have enough magic to cast this spell.
The orc priest calls upon Beogh to heal the orc.
The orc's wounds heal themselves!
The orc priest looks more healthy.
The sting hits the orc.
The orc is poisoned.
The orc is moderately wounded.
The sting misses the orc.
You hit the orc.
The orc is heavily wounded.
The orc priest mumbles some strange prayers to Beogh against you.
Beogh smites you!
The orc hits the orc with a +0 hand axe.
The orc hits you with a +0 hand axe.
You strike the helpless orc from behind!
You puncture the orc!
You kill the orc!
The orc is struck by your spines.
You kill the orc!
The orc priest begins to cast a cantrip, but forgets the words!
Things that are here:
a +0 hand axe; a +0 leather armour; an orc corpse You closely miss the orc priest.
The orc priest is lightly wounded.
The orc priest closely misses you.
You hit the orc priest.
The orc priest is moderately wounded.
The orc priest calls down the wrath of Beogh upon you.
Beogh smites you!
* * * LOW HITPOINT WARNING * * *
You hit the orc priest.
The orc priest is moderately wounded.
The orc priest calls down the wrath of Beogh upon you.
Beogh smites you!
You die...

.......≈....# #..#
≈.≈≈≈§≈§§..####.##
.....§....###...#
...........##.### #
..............######.##
.........#.............
.............#.....###
##.#####..#####..###
...#.....###...)@#
.#...##### #.###o#
...### # #.†.......#
#### #.....#.... #
......... ..
...........
......?........
.##............
#..!.........


You could see an orc priest.

Vanquished Creatures
  A black bear (D:4)
  A scorpion (D:4)
  A hound (D:4)
  3 worms
  A dart slug (D:3)
  10 orcs
  3 endoplasms
  8 giant cockroaches
  12 goblins
  5 hobgoblins
  2 jackals (D:4)
  9 kobolds
  4 quokkas
  9 ball pythons
  3 bats
  5 frilled lizards
  4 rats
81 creatures vanquished.

Notes
Turn   | Place    | Note
-------+----------+-------------------------------------------
     0 | D:1      | gelatine the Demonspawn Venom Mage began the quest for the
                  | Orb.
     0 | D:1      | Reached XP level 1. HP: 13/13 MP: 3/3
   269 | D:1      | Reached skill level 1 in Transmutations
   285 | D:1      | Gained mutation: You are partially covered in sharp spines.
                  | [demonic ancestry]
   285 | D:1      | Reached XP level 2. HP: 19/19 MP: 1/5
   884 | D:1      | Reached XP level 3. HP: 24/24 MP: 4/6
  1432 | D:2      | Found a faded altar of an unknown god.
  2009 | D:3      | Learned a level 2 spell: Poisonous Vapours
  2013 | D:3      | Learned a level 3 spell: Mephitic Cloud
  2103 | D:3      | Found a sacrificial altar of Ru.
  2425 | D:3      | Reached XP level 4. HP: 30/30 MP: 0/7
  2491 | D:3      | Found a radiant altar of Vehumet.
  2491 | D:3      | Noticed a frost-covered statue
  2734 | D:3      | Identified the +0 robe of the Spider Nest {+Inv Int-4 SInv
                  | Stlth+}
  3541 | D:4      | Found an ornate altar of the Wu Jian Council.
  3570 | D:4      | Noticed a black bear
  3604 | D:4      | Noticed a scorpion
  3616 | D:4      | Killed a scorpion
  3617 | D:4      | Gained mutation: Your touch may inflict minor irresistible
                  | damage on your foes. [demonic ancestry]
  3617 | D:4      | Reached XP level 5. HP: 24/36 MP: 0/9
  3617 | D:4      | Killed a black bear
  3618 | D:4      | Reached skill level 1 in Fighting
  3618 | D:4      | Reached skill level 1 in Conjurations
  3618 | D:4      | Reached skill level 4 in Poison Magic
  3823 | D:4      | Gained mutation: You are partially covered in thin metallic
                  | scales. (AC +2) [demonic ancestry]
  3823 | D:4      | Reached XP level 6. HP: 43/43 MP: 2/10
  4006 | D:4      | HP: 1/43 [orc priest/divine providence (16)]
  4007 | D:4      | Killed from afar by an orc priest

Illustrated notes

Levels and vault maps discovered:
D:1:      co_arrival_square_in_a_square_in_a_square, layout_loops_ring
D:2:      layout_basic, ebering_ecumenical_altar_petrified
D:3:      layout_basic, mainiacjoe_overflow_catwalk, vehumet_statue
D:4:      layout_rooms, mainiacjoe_overflow_concentric_impassable,
          chequers_serial_rivers_small_a

Skill      XL: |  1  2  3  4  5 |
---------------+----------------+-----
Dodging        | 2 |  2.3
Transmutations | 1 2 |  2.3
Stealth        | 2 |  2.1
Spellcasting   | 3 |  3.2
Fighting       | 1 |  1.1
Conjurations   | 1 |  1.4
Poison Magic   | 4 |  4.0
Short Blades   | |  0.9
Air Magic      | |  0.8

Action                     |  1- 3 |  4- 6 || total
---------------------------+-------+-------++-------
  Melee: Dagger            |    35 |    28 ||    63
         Unarmed           |     5 |       ||     5
         Punch             |       |     1 ||     1
         Touch             |       |     1 ||     1
   Cast: Sting             |    95 |    36 ||   131
         Poisonous Vapours |       |    13 ||    13
         Mephitic Cloud    |       |     2 ||     2
    Use: Potion            |       |     1 ||     1
   Stab: Sleeping          |       |     1 ||     1
         Confused          |       |     1 ||     1
 Armour: Robe              |    24 |    17 ||    41
  Dodge: Dodged            |    31 |    14 ||    45

Table legend: (Time is in decaauts)
 A = Elapsed time spent in this place.
 B = Non-inter-level travel time spent in this place.
 C = Inter-level travel time spent in this place.
 D = Time resting spent in this place.
 E = Time spent auto-exploring this place.
 F = Levels seen in this place.
 G = Mean time per level.
                   A        B        C        D        E       F      G
               +--------+--------+--------+--------+--------+-----+--------+
         Total |   4005 |   3681 |    324 |      0 |   3024 |   4 | 1001.2 |
       Dungeon |   4005 |   3681 |    324 |      0 |   3024 |   4 | 1001.2 |
               +--------+--------+--------+--------+--------+-----+--------+

Top non-repeatable levels by time:
     D:3: 1281 daAuts
     D:1: 1200 daAuts
     D:2: 801 daAuts
     D:4: 721 daAuts
